 Dungeon Crawl Stone Soup version 0.21.1-1-g345015f (webtiles) character file.

9255 HammerPanzer the Carver (level 11, -2/136 (138) HPs)
             Began as a Demonspawn Berserker on Apr 3, 2018.
             Was a High Priest of Trog.
             Slain by an 11-headed hydra (8 damage)
             ... on level 11 of the Dungeon.
             The game lasted 00:30:20 (10999 turns).

HammerPanzer the Carver (Demonspawn Berserker)     Turns: 10999, Time: 00:30:21

HP:   -2/136 (138)  AC: 16    Str: 26    XL:     11   Next: 20%
MP:   0/11          EV:  2    Int:  5    God:    Trog [*****.]
Gold: 651           SH:  9    Dex: 16    Spells: 10/10 levels left

rFire    . . .     SeeInvis +   y - +0 scimitar
rCold    . . .     Gourm    .   I - -6 large shield "Acorr" {rN+ Regen+ Int-4} (curse)
rNeg     + . .     Faith    .   w - +0 plate armour
rPois    .         Spirit   +   x - +0 helmet {SInv}
rElec    .         Reflect  +   (no cloak)
rCorr    .         Harm     .   t - +0 pair of gloves
MR       .....                  n - +0 pair of boots
Stlth    ..........             s - +2 amulet of reflection
HPRegen  0.72/turn              E - +4 ring of dexterity
MPRegen  0.24/turn              (no ring)

@: berserking (expiring), lethally poisoned (-2 -> -5), very quick
A: talons 1, thin metallic scales 1, demonic guardian 1, magic shield, magic
regeneration
a: Berserk, Trog's Hand, Brothers in Arms, Burn Spellbooks, Renounce Religion


You were on level 11 of the Dungeon.
You worshipped Trog.
Trog was extremely pleased with you.
You were hungry.

You visited 1 branch of the dungeon, and saw 11 of its levels.

You collected 651 gold pieces.

Inventory:

Hand Weapons
 y - a +0 scimitar (weapon)
Armour
 l - a +2 hat
 n - a +0 pair of boots (worn)
 o - a +3 leather armour of magic resistance
 t - a +0 pair of gloves (worn)
 w - a +0 plate armour (worn)
 x - a +0 helmet of see invisible (worn)
 B - a scarf of spirit shield
 C - a cursed +0 plate armour
 I - the cursed -6 large shield "Acorr" (worn) {rN+ Regen+ Int-4}
   (You found it on level 9 of the Dungeon)

   It affects your intelligence (-4).
   It protects you from negative energy.
   It increases your rate of regeneration.
   It has a curse placed upon it.
 J - the +1 chain mail "Kuugoete" {*Corrode rPois rC- MR+++, unknown}
   (You found it on level 11 of the Dungeon)

   It makes you vulnerable to cold.
   It protects you from poison.
   It affects your resistance to hostile enchantments.
   It may corrode you when you take damage.
Jewellery
 f - an uncursed amulet of regeneration
 s - a +2 amulet of reflection (around neck)
 E - a +4 ring of dexterity (left hand)
Wands
 b - a wand of digging (27)
 F - a wand of flame (34)
 H - a wand of polymorph (11)
Scrolls
 a - a scroll of summoning {unknown}
 e - a scroll of blinking
 g - 5 scrolls of enchant armour
 u - a scroll of enchant weapon {unknown}
 v - 4 scrolls of teleportation
 D - 4 scrolls of identify
Potions
 d - 2 potions of brilliance
 h - 5 potions of flight
 i - 2 potions of magic
 j - a potion of ambrosia {unknown}
 k - a potion of cancellation {unknown}
 m - 4 potions of haste {unknown}
 p - 5 potions of curing
 q - 3 potions of mutation {unknown}
 r - a potion of berserk rage {unknown}
 z - a potion of degeneration {unknown}
 A - 2 potions of might {unknown}
Comestibles
 c - 17 rations
 G - 8 chunks of flesh


   Skills:
 + Level 10.5 Fighting
 * Level 13.1 Long Blades
 - Level 1.7 Armour
 - Level 1.7 Dodging


You had 10 spell levels left.
You didn't know any spells.

Dungeon Overview and Level Annotations

Branches:
Dungeon (11/15)            Temple (0/1) D:7            Lair (0/6) D:8
    Orc: D:9-12

Altars:
Qazlal
Vehumet
Wu Jian
Yredelemnul


Innate Abilities, Weirdness & Mutations

You have sharp toenails.
You are partially covered in thin metallic scales. (AC +2)
A weak demonic guardian rushes to your aid.
When hurt, damage is shared between your health and your magic reserves.
You regenerate magic rapidly.


Message History

* * * LOW HITPOINT WARNING * * *
You block the 11-headed hydra's attack.
The 11-headed hydra bites you but does no damage.
The 11-headed hydra bites you!
* * * LOW HITPOINT WARNING * * *
The 11-headed hydra bites you!
* * * LOW HITPOINT WARNING * * *
The killer bee barely misses you.
The killer bee stings you but does no damage.
Your shield and plate armour prevent you from hitting the 11-headed hydra.
The 11-headed hydra is moderately wounded.
You feel sick. The killer bee stings you.
* * * LOW HITPOINT WARNING * * *
The killer bee stings you but does no damage.
You block the 11-headed hydra's attack. x2; The 11-headed hydra bites you.
* * * LOW HITPOINT WARNING * * *
The 11-headed hydra completely misses you.
The 11-headed hydra barely misses you. You block the 11-headed hydra's attack.
The 11-headed hydra bites you!
You die...

###########
#................####
....................####
.......................#
........................
........................
...............y........
................@.......
................DyW.....
................ยง.......
........................
......[.................
........................
........................
............(...........
...).................


You could see a 11-headed hydra, a phantom and 2 killer bees.

Vanquished Creatures
  The ghost of Agrougrou the Cleaver, a journeyman FoFi of Okawaru (D:10)
  A two-headed ogre (D:8)
  A cyclops (D:11)
  3 trolls
  Grinder (D:3)
  A hippogriff (D:8)
  A shadow (D:11)
  Sigmund (D:3)
  3 yaks (D:9)
  Eustachio (D:4)
  3 porcupines (D:8)
  3 black bears
  7 orc warriors
  5 ice beasts
  2 sky beasts
  A necrophage (D:9)
  4 phantoms
  An ogre (D:5)
  3 centaurs
  An elf zombie (D:5)
  4 bullfrogs
  2 scorpions
  6 killer bees
  6 howler monkeys
  4 crimson imps
  A bullfrog zombie (D:6)
  A centaur zombie (D:9)
  A human zombie (D:5)
  4 hounds
  7 orc wizards
  A bullfrog skeleton (D:11)
  2 centaur skeletons
  3 jellies
  3 orc priests
  3 iguanas
  10 worker ants
  3 human skeletons (D:5)
  4 hound skeletons
  A howler monkey zombie (D:5)
  Robin (D:3)
  A howler monkey skeleton (D:4)
  10 gnolls
  14 adders
  An ooze (D:2)
  An adder skeleton (D:9)
  3 worms
  7 leopard geckos
  24 orcs
  A ball python (D:3)
  6 giant cockroaches
  13 goblins
  12 hobgoblins
  2 jackals (D:1)
  2 quokkas
  7 bats
  9 frilled lizards
  A jackal skeleton (D:5)
  8 kobolds
  An orc zombie (D:5)
  11 rats
245 creatures vanquished.

Vanquished Creatures (collateral kills)
  The ghost of Shinoi the Covered, a novice DsAK of Lugonu (D:5)
  Prince Ribbit (D:9)
  A hippogriff (D:10)
  2 ogres (D:6)
  A bullfrog (D:11)
  A hound (D:6)
  A gnoll (D:9)
  A leopard gecko (D:11)
  3 orcs
12 creatures vanquished.

Vanquished Creatures (others)
  An orc wizard (D:8)
  A fungus (D:8)
2 creatures vanquished.

Grand Total: 259 creatures vanquished

Notes
Turn   | Place    | Note
-------+----------+-------------------------------------------
     0 | D:1      | HammerPanzer the Demonspawn Berserker began the quest for the Orb.
     0 | D:1      | Reached XP level 1. HP: 18/18 MP: 1/1
   469 | D:1      | Reached skill level 3 in Long Blades
   476 | D:1      | Gained mutation: You are partially covered in thin metallic scales. (AC +2) [demonic ancestry]
   476 | D:1      | Reached XP level 2. HP: 24/24 MP: 2/2
  1110 | D:2      | Reached ** piety under Trog
  1110 | D:2      | Reached XP level 3. HP: 27/29 MP: 3/3
  1343 | D:2      | Reached skill level 4 in Long Blades
  1343 | D:2      | Gained mutation: When hurt, damage is shared between your health and your magic reserves. [demonic ancestry]
  1343 | D:2      | Reached XP level 4. HP: 7/37 MP: 4/4
  1908 | D:2      | Gained mutation: You have sharp toenails. [demonic ancestry]
  1908 | D:2      | Reached XP level 5. HP: 25/42 MP: 3/5
  2180 | D:3      | Noticed Grinder
  2190 | D:3      | Noticed Robin
  2197 | D:3      | Killed Robin
  2220 | D:3      | Killed Grinder
  2220 | D:3      | Reached skill level 5 in Long Blades
  2220 | D:3      | Reached XP level 6. HP: 49/49 MP: 4/6
  2223 | D:3      | Reached *** piety under Trog
  2469 | D:3      | Found a stormy altar of Qazlal.
  2469 | D:3      | Noticed Sigmund
  2475 | D:3      | Killed Sigmund
  2475 | D:3      | Reached skill level 5 in Fighting
  2475 | D:3      | Reached skill level 6 in Long Blades
  2475 | D:3      | Reached XP level 7. HP: 56/56 MP: 7/7
  2597 | D:3      | Found an ornate altar of the Wu Jian Council.
  3534 | D:4      | Reached skill level 7 in Long Blades
  3704 | D:4      | Noticed Eustachio
  3809 | D:4      | Killed Eustachio
  4199 | D:5      | Entered Level 5 of the Dungeon
  4327 | D:5      | Found a radiant altar of Vehumet.
  4340 | D:5      | Gained mutation: A weak demonic guardian rushes to your aid. [demonic ancestry]
  4340 | D:5      | Reached XP level 8. HP: 57/64 MP: 8/8
  4506 | D:5      | Noticed Shinoi's ghost (novice DsAK)
  4523 | D:5      | Killed Shinoi's ghost
  4523 | D:5      | Reached skill level 8 in Long Blades
  4576 | D:5      | Reached **** piety under Trog
  4717 | D:5      | Found a basalt altar of Yredelemnul.
  4785 | D:5      | Found a sand-covered staircase.
  4793 | D:5      | Reached skill level 9 in Long Blades
  5170 | D:6      | Gained mutation: You regenerate magic rapidly. [demonic ancestry]
  5170 | D:6      | Reached XP level 9. HP: 65/72 MP: 9/9
  6226 | D:6      | Reached skill level 10 in Long Blades
  6444 | D:7      | Found a staircase to the Ecumenical Temple.
  7623 | D:8      | Noticed a two-headed ogre
  7634 | D:8      | Killed a two-headed ogre
  7634 | D:8      | Reached skill level 11 in Long Blades
  7634 | D:8      | Reached XP level 10. HP: 47/82 MP: 5/10
  7949 | D:8      | Found a staircase to the Lair.
  8340 | D:8      | Reached ***** piety under Trog
  9034 | D:9      | Noticed Prince Ribbit
  9053 | D:9      | Killed Prince Ribbit
  9053 | D:9      | Reached skill level 12 in Long Blades
  9316 | D:9      | Reached skill level 10 in Fighting
  9526 | D:9      | Got a steaming large shield
  9532 | D:9      | Identified the cursed -6 large shield "Acorr" {rN+ Regen+ Int-4} (You found it on level 9 of the Dungeon)
  9868 | D:10     | Entered Level 10 of the Dungeon
  9958 | D:10     | Noticed an unseen horror
 10249 | D:10     | Noticed Agrougrou's ghost (journeyman FoFi)
 10268 | D:10     | Killed Agrougrou's ghost
 10268 | D:10     | Reached XP level 11. HP: 61/90 MP: 5/11
 10771 | D:11     | Reached skill level 13 in Long Blades
 10906 | D:11     | Got a twisted chain mail
 10982 | D:11     | Noticed a six-headed hydra
 10999 | D:11     | HP: 6/136 [11-headed hydra (3)]
 10999 | D:11     | Slain by an 11-headed hydra

Skill      XL: |  1  2  3  4  5  6  7  8  9 10 11 |
---------------+----------------------------------+-----
Long Blades    | 3 4 5 6 7 9 11 12 13 | 13.1
Fighting       | 4 5 6 7 8 10 | 10.5
Armour         | |  1.7
Dodging        | |  1.7

Action                   |  1- 3 |  4- 6 |  7- 9 | 10-12 || total
-------------------------+-------+-------+-------+-------++-------
Melee: Falchion          |   137 |   119 |   519 |       ||   775
       Scimitar          |       |       |    55 |   386 ||   441
       Long sword        |       |       |    35 |       ||    35
Invok: Berserk           |     2 |     3 |     8 |     4 ||    17
       Burn Spellbooks   |       |       |     3 |       ||     3
  Use: Scroll            |       |     4 |     5 |     3 ||    12
       Potion            |       |       |     2 |       ||     2
 Stab: Distracted        |       |       |       |     3 ||     3
  Eat: Chunk             |     3 |     6 |    22 |    15 ||    46
       Ration            |       |       |     1 |       ||     1
Armor: Ring mail         |    79 |    42 |   113 |       ||   234
       Animal skin       |     1 |       |       |       ||     1
       Leather armour    |       |       |   136 |    68 ||   204
       Plate armour      |       |       |       |   139 ||   139
Dodge: Dodged            |   110 |    72 |   278 |    98 ||   558
Block: Other             |       |       |    18 |    10 ||    28
       Large shield      |       |       |       |    90 ||    90
       Reflection        |       |       |       |     2 ||     2
       Rpst.: Falchion   |    37 |    28 |    83 |       ||   148
       Long sword        |       |       |     8 |       ||     8
       Scimitar          |       |       |     5 |    32 ||    37
